 Dungeon Crawl Stone Soup version 0.27-a0-380-g150de4c316 (webtiles) character file.

Game seed: 1641506621117893840

73 lunkers the Digger (level 4, -2/27 HPs)
             Began as an Octopode Earth Elementalist on Feb 17, 2021.
             Slain by Grinder (6 damage)
             ... on level 3 of the Dungeon.
             The game lasted 00:04:23 (2711 turns).

lunkers the Digger (Octopode Earth Elementalist)    Turns: 2711, Time: 00:04:24

Health: -2/27      AC:  1    Str:  7    XL:     4   Next: 27%
Magic:  1/8        EV: 13    Int: 18    God:
Gold:   75         SH:  0    Dex: 12    Spells: 2/8 levels left

rFire    + . .     SeeInvis .   n - +2 spear (vorpal)
rCold    . . .     Faith    .   (no shield)
rNeg     . . .     Spirit   .   (helmet restricted)
rPois    .         Reflect  .   (no amulet)
rElec    .         Harm     .   g - ring of wizardry
rCorr    .         Rampage  .   k - ring of protection from fire
Will     .....                  (no ring)
Stlth    +++.......             (no ring)
HPRegen  0.09/turn              (no ring)
MPRegen  0.11/turn              (no ring)
                                (no ring)
                                (no ring)

@: no status effects
A: almost no armour, stealthy swim, amphibious, 8 rings, constrict 8, camouflage
1, gelatinous body 1
a: no special abilities


You were on level 3 of the Dungeon.
You visited 1 branch of the dungeon, and saw 3 of its levels.

You collected 75 gold pieces.

Inventory:

Hand Weapons
 j - a +1 dagger of venom
 n - a +2 vorpal spear (weapon)
Missiles
 b - 5 stones
Jewellery
 g - a ring of wizardry (left tentacle)
 k - a ring of protection from fire (right tentacle)
Scrolls
 c - 3 scrolls of teleportation {unknown}
 d - a scroll of amnesia {unknown}
 e - a scroll of immolation {unknown}
 f - 5 scrolls of identify {unknown}
 i - a scroll of enchant armour {unknown}
Potions
 a - a potion of flight
 h - a potion of haste
 l - a potion of might {unknown}
 m - 2 potions of heal wounds {unknown}
 o - a potion of ambrosia {unknown}
 p - a potion of degeneration {unknown}


   Skills:
 - Level 2.0 Dodging
 - Level 2.6 Stealth
 + Level 2.7 Spellcasting
 - Level 1.0 Transmutations
 * Level 4.4 Earth Magic


You had 2 spell levels left.
You knew the following spells:

 Your Spells              Type           Power        Failure   Level
a - Stone Arrow           Conj/Erth      20%          9%          3
b - Passwall              Tmut/Erth      10%          3%          2
c - Sandblast             Erth           36%          1%          1

Your spell library contained the following spells:

 Spells                   Type           Power        Failure   Level
 Petrify                  Tmut/Erth      12%          21%         4
 Lee's Rapid Deconstruct  Erth           9%           28%         5


Dungeon Overview and Level Annotations

Branches:
Dungeon (3/15)

Altars:

Annotations:
D:3 Grinder


Innate Abilities, Weirdness & Mutations

You cannot wear most types of armour.
You are very stealthy in the water. (Stealth+)
You are amphibious.
You can wear up to eight rings at the same time.
You can use your tentacles to constrict eight enemies at once.
Your skin changes colour to match your surroundings (Stealth+).
Your rubbery body absorbs attacks. (AC +1, EV +1)


Message History

Aiming: Sandblast (safe; 1% risk of failure)
Press: ? - help, Shift-Dir - straight line, f/p - Grinder
Aim: Grinder (lightly wounded, 23% to evade)
The blast of sand hits Grinder!
Grinder is heavily wounded.
The goblin shoots a stone.
The stone closely misses you. Grinder misses you.
Unknown command.
Casting: Sandblast (safe; 1% risk of failure)
Confirm with . or Enter, or press ? or * to list all spells.
Aiming: Sandblast (safe; 1% risk of failure)
Press: ? - help, Shift-Dir - straight line, f/p - Grinder
Aim: Grinder (heavily wounded, 23% to evade)
The blast of sand hits Grinder!
Grinder is severely wounded.
The goblin shoots a stone.
The stone hits you. Grinder hits you.
You writhe in agony.
* * * LOW HITPOINT WARNING * * *
Casting: Sandblast (safe; 1% risk of failure)
Confirm with . or Enter, or press ? or * to list all spells.
Aiming: Sandblast (safe; 1% risk of failure)
Press: ? - help, Shift-Dir - straight line, f/p - Grinder
Aim: Grinder (severely wounded, 23% to evade)
The blast of sand hits Grinder.
Grinder is severely wounded.
The goblin shoots a stone.
The stone hits you.
* * * LOW HITPOINT WARNING * * *
Grinder gestures at you. Pain shoots through your body!
* * * LOW HITPOINT WARNING * * *
Casting: Sandblast (safe; 1% risk of failure)
Confirm with . or Enter, or press ? or * to list all spells.
Aiming: Sandblast (safe; 1% risk of failure)
Press: ? - help, Shift-Dir - straight line, f/p - Grinder
Aim: Grinder (severely wounded, 23% to evade)
The blast of sand misses Grinder.
* * * LOW MAGIC WARNING * * *
Grinder hits you.
* * * LOW HITPOINT WARNING * * *
You writhe in agony.
You die...

. ..(......
..#. #..[......
..#.#_#........
....#.........
#............
#....?......
#.....†g....
#..........
##@5.......
##########


You could see Grinder and a goblin.

Vanquished Creatures
  2 adders (D:2)
  An ooze (D:2)
  A dart slug (D:2)
  A leopard gecko (D:1)
  2 giant cockroaches (D:1)
  7 goblins
  7 hobgoblins
  4 jackals (D:2)
  A ball python (D:2)
  3 bats
  4 frilled lizards
  8 kobolds
  10 rats
51 creatures vanquished.

Notes
Turn   | Place    | Note
-------+----------+-------------------------------------------
     0 | D:1      | lunkers the Octopode Earth Elementalist began the quest for
                  | the Orb.
     0 | D:1      | Reached XP level 1. HP: 11/11 MP: 3/3
   175 | D:1      | Reached XP level 2. HP: 17/17 MP: 1/5
   805 | D:1      | Reached XP level 3. HP: 21/21 MP: 3/6
  1333 | D:2      | Reached skill level 4 in Earth Magic
  1350 | D:1      | HP: 1/21 [poisoned by a kobold]
  1791 | D:2      | Learned a level 2 spell: Passwall
  1795 | D:2      | Learned a level 3 spell: Stone Arrow
  1802 | D:2      | Reached XP level 4. HP: 26/27 MP: 3/8
  2638 | D:3      | Found a faded altar of an unknown god.
  2638 | D:3      | Noticed Grinder
  2700 | D:3      | Paralysed by Grinder for 5 turns
  2711 | D:3      | Slain by Grinder

Illustrated notes

Levels and vault maps discovered:
D:1:      giann_wishing_wells, layout_basic, grunt_decor_mini_mirrors
D:2:      layout_loops_ring
D:3:      layout_rooms, grunt_dithmenos_smoke_and_mirrors, nemelex_altar_shiori,
          general_overflow_altar, chequers_ecumenical_altar_simple, uniq_grinder

Skill      XL: |  1  2  3 |
---------------+----------+-----
Earth Magic    | 4 |  4.4
Dodging        | |  2.0
Stealth        | |  2.6
Spellcasting   | |  2.7
Transmutations | |  1.0

Action                   |  1- 3 |  4- 6 || total
-------------------------+-------+-------++-------
Melee: Unarmed           |    30 |       ||    30
       Constrict         |    15 |     2 ||    17
       Tentacles         |     6 |     1 ||     7
       Dagger            |     8 |     1 ||     9
       Spear             |       |    19 ||    19
 Cast: Sandblast         |    36 |     9 ||    45
       Stone Arrow       |     1 |     5 ||     6
  Use: Potion            |     2 |       ||     2
 Stab: Sleeping          |     4 |     4 ||     8
Armor: Skin              |     2 |       ||     2
Dodge: Dodged            |    29 |    15 ||    44

Table legend: (Time is in decaauts)
 A = Elapsed time spent in this place.
 B = Non-inter-level travel time spent in this place.
 C = Inter-level travel time spent in this place.
 D = Time resting spent in this place.
 E = Time spent auto-exploring this place.
 F = Levels seen in this place.
 G = Mean time per level.
                   A        B        C        D        E       F      G
               +--------+--------+--------+--------+--------+-----+--------+
         Total |   2695 |   2663 |     32 |    429 |   1870 |   3 |  898.3 |
       Dungeon |   2695 |   2663 |     32 |    429 |   1870 |   3 |  898.3 |
               +--------+--------+--------+--------+--------+-----+--------+

Top non-repeatable levels by time:
     D:1: 1613 daAuts
     D:2: 1061 daAuts
     D:3: 21 daAuts
